 Dungeon Crawl Stone Soup version 0.27.1-34-g3ba077fa99 (webtiles) character file.

Game seed: 6469236267360231682

4 chibimon the Conjurer (level 1, -1/14 HPs)
             Began as a Draconian Conjurer on Jan 2, 2022.
             Succumbed to a kobold's poison
             ... on level 1 of the Dungeon.
             The game lasted 00:03:05 (322 turns).

chibimon the Conjurer (Draconian Conjurer)           Turns: 322, Time: 00:03:06

Health: -1/14      AC:  4    Str:  9    XL:     1   Next: 58%
Magic:  2/3        EV: 12    Int: 18    God:
Gold:   10         SH:  0    Dex:  9    Spells: 3/4 levels left

rFire    . . .     SeeInvis .   (no weapon)
rCold    . . .     Faith    .   (no shield)
rNeg     . . .     Spirit   .   (armour unavailable)
rPois    .         Reflect  .   (helmet restricted)
rElec    .         Harm     .   (no cloak)
rCorr    .         Rampage  .   (no gloves)
Will     .....                  (no boots)
Stlth    ++........             (no amulet)
HPRegen  0.04/turn              (no ring)
MPRegen  0.08/turn              (no ring)

@: lethally poisoned (-1 -> -7)
A: AC +4, unfitting armour, cold-blooded
a: no special abilities


You were on level 1 of the Dungeon.
You visited 1 branch of the dungeon, and saw 1 of its levels.

You collected 10 gold pieces.

You aren't carrying anything.


   Skills:
 * Level 1.7 Dodging
 + Level 1.7 Stealth
 * Level 2.1 Spellcasting
 * Level 4.2 Conjurations


You had 3 spell levels left.
You knew the following spells:

 Your Spells              Type           Power      Damage    Failure   Level
a - Magic Dart            Conj           68%        1d6       3%          1

Your spell library contained the following spells:

 Spells                   Type           Power      Damage    Failure   Level
 Searing Ray              Conj           34%        3d4       4%          2
 Dazzling Flash           Conj/Hex       18%        N/A       22%         3
 Fulminant Prism          Conj/Hex       4%         3d6       58%         4
 Iskenderun's Mystic Bla  Conj/Tloc      9%         2d4       58%         4


Dungeon Overview and Level Annotations

Branches:
Dungeon (1/15)

Altars:

Shops:
D:1 (


Innate Abilities, Weirdness & Mutations

Your plain brown scales are hard. (AC +4)
You cannot fit into any form of body armour.
You are cold-blooded and may be slowed by cold attacks.


Message History

Aim: a ball python (moderately wounded, 100% to hit)
The magic dart hits the ball python.
You kill the ball python!
A frilled lizard comes into view.
Found a stone staircase leading down.
A rat and a kobold come into view.
The kobold is wielding a +0 dagger of venom.
Found 18 sling bullets.
The kobold shouts!
The rat moves out of view.
You closely miss the frilled lizard.
You tail-slap the frilled lizard, but do no damage.
You miss the frilled lizard. You tail-slap the frilled lizard.
You kill the frilled lizard!
Casting: Magic Dart (safe; 3% risk of failure)
Confirm with . or Enter, or press ? or * to list all spells.
Aiming: Magic Dart (safe; 3% risk of failure)
Press: ? - help, Shift-Dir - straight line, f - kobold
Aim: a kobold, wielding a +0 dagger of venom (100% to hit)
The magic dart hits the kobold.
The kobold is heavily wounded.
The kobold closely misses you.
You miss the kobold.
You tail-slap the kobold, but do no damage.
The kobold is heavily wounded.
The kobold hits you but does no damage.
You are poisoned.
You closely miss the kobold.
The kobold is heavily wounded.
You feel very sick. The kobold hits you but does no damage.
You are lethally poisoned!
You feel very sick.
You feel very sick.
* * * LOW HITPOINT WARNING * * *
You feel sick.
You aren't carrying any potions.
* * * LOW HITPOINT WARNING * * *
You feel sick.
You die...

### ### #.# ## .(. ..# ..#
#. .K #.# #.# #.
#.###.#####.# #.# #.
#......K.##.# #.# #######.
#####.##.##.# #.#
########....##. #
##.##.###.###......#....##.
#>..†.rK..@................
#.######..###(.....#....###
#. #.# #..# #......#....#
.. #.# ##.###......#.####
#.##.##### #..##..........#
#........# #..##.........[#
#........# #...#..........#
#........# #.#.#####......#
#........# #.#.# #......#


You could see a kobold and a rat.

Vanquished Creatures
  A ball python (D:1)
  An endoplasm (D:1)
  A hobgoblin (D:1)
  A frilled lizard (D:1)
  A toadstool (D:1)
5 creatures vanquished.

Vanquished Creatures (others)
  3 toadstools (D:1)
3 creatures vanquished.

Grand Total: 8 creatures vanquished

Notes
Turn   | Place    | Note
-------+----------+-------------------------------------------
     0 | D:1      | chibimon the Draconian Conjurer began the quest for the
                  | Orb.
     0 | D:1      | Reached XP level 1. HP: 14/14 MP: 3/3
   230 | D:1      | Found Ovoassim's Antique Weapon Shoppe.
   322 | D:1      | Succumbed to a kobold's poison

Illustrated notes

Levels and vault maps discovered:
D:1:      ldierk_water_garden, layout_basic, serial_shops, shop

Action                   || total
-------------------------++-------
Melee: Unarmed           ||    20
       Tailslap          ||     3
 Cast: Magic Dart        ||     7
  Use: Scroll            ||     1
Armor: Skin              ||     3
Dodge: Dodged            ||     6
